 Dungeon Crawl Stone Soup version 0.25-a0-263-g9d16a9d099 (webtiles) character file.

Game seed: 4904050924647598905, levelgen mode: deterministic

16919 D1HalberdGnoll the Fighter (level 12, 0/106 HPs)
             Began as a Black Draconian Air Elementalist on Dec 7, 2019.
             Was a Priest of Sif Muna.
             Slain by a black mamba (1 damage)
             ... on level 9 of the Dungeon.
             The game lasted 00:35:44 (16901 turns).

D1HalberdGnoll the Fighter (DrAE)                  Turns: 16901, Time: 00:35:45

Health: 0/106      AC: 11    Str: 11    XL:     12   Next: 14%
Magic:  0/24       EV: 15    Int: 21    God:    Sif Muna [***...]
Gold:   774        SH:  0    Dex: 16    Spells: 14/28 levels left

rFire    + . .     SeeInvis .   H - staff of energy {!a}
rCold    + . .     Gourm    .   (no shield)
rNeg     . . .     Faith    .   (armour unavailable)
rPois    +         Spirit   +   (helmet restricted)
rElec    +         Reflect  .   c - scarf {Spirit}
rCorr    +         Harm     .   f - +0 pair of gloves
MR       +....                  G - +1 pair of boots
Stlth    ++........             F - amulet of guardian spirit
HPRegen  0.27/turn              i - +5 ring of dexterity
MPRegen  0.19/turn              l - ring of protection from magic

@: lethally poisoned (0 -> -11), resistant, hasted, very quick
A: breathe lightning, unfitting armour, electricity resistance, cold-blooded, AC
+8
a: Breathe Lightning, Channel Magic, Forget Spell, Renounce Religion


You were on level 9 of the Dungeon.
You worshipped Sif Muna.
Sif Muna was most pleased with you.
You were hungry.

You visited 3 branches of the dungeon, and saw 12 of its levels.

You collected 774 gold pieces.

Inventory:

Missiles
 s - 11 poisoned darts (quivered)
Armour
 c - a scarf of spirit shield (worn)
   (You found it on level 4 of the Dungeon)
 f - a +0 pair of gloves (worn)
   (You found it on level 4 of the Dungeon)
 G - a +1 pair of boots (worn)
   (You found it on level 9 of the Dungeon)
Magical Staves
 H - an uncursed staff of energy (weapon) {!a}
   (You took it off a kobold demonologist on level 9 of the Dungeon)
Jewellery
 g - an uncursed ring of resist corrosion
   (You took it off a centaur on level 8 of the Dungeon)
 i - a +5 ring of dexterity (left hand)
   (You took it off a crimson imp on level 9 of the Dungeon)
 l - a ring of protection from magic (right hand)
   (You found it on level 5 of the Dungeon)
 x - the ring "Deukheaski" {rPois Str+2 Int-5 SInv}
   (You took it off an orc priest on level 9 of the Dungeon)

   [ring of strength]

   It affects your strength (+2).
   It affects your intelligence (-5).
   It protects you from poison.
   It lets you see invisible.
 F - an amulet of guardian spirit (around neck)
   (You took it off an orc on level 9 of the Dungeon)
Wands
 t - a wand of flame (53)
   (You found it on level 5 of the Dungeon)
 u - a wand of paralysis (5)
   (You found it on level 5 of the Dungeon)
 v - a wand of digging (3)
   (You found it on level 9 of the Dungeon)
 B - a wand of polymorph (28)
   (You found it on level 7 of the Dungeon)
Scrolls
 j - 3 scrolls of enchant armour
 k - 3 scrolls of enchant weapon
 m - 7 scrolls of teleportation {@r4}
 o - a scroll of fog {unknown}
 q - 2 scrolls of amnesia
 y - a scroll of noise {unknown}
 A - a scroll of random uselessness {unknown}
 C - 2 scrolls of identify {@r1}
 D - 4 scrolls of remove curse {@r2}
Potions
 a - 3 potions of agility
 b - a potion of haste {@q3}
 h - 3 potions of mutation {!q}
 r - 2 potions of might
 w - a potion of ambrosia {unknown}
 z - 2 potions of flight {unknown}
 E - a potion of resistance
 I - a potion of berserk rage {unknown}
Comestibles
 e - 9 rations {!d}


   Skills:
 + Level 10.1 Fighting
 + Level 4.8 Dodging
 - Level 1.7 Stealth
 + Level 8.9 Spellcasting
 + Level 9.4 Conjurations
 - Level 10.0 Air Magic
 + Level 8.4 Invocations


You had 14 spell levels left.
You knew the following spells:

 Your Spells              Type           Power        Failure   Level  Hunger
a - Shock                 Conj/Air       ####         1%          1    None
b - Airstrike             Air            ######....   1%          4    None
c - Lightning Bolt        Conj/Air       ######....   3%          5    None
z - Summon Lightning Spi  Summ/Air       ####....     10%         4    None

Your spell library contained the following spells:

 Spells                   Type           Power        Failure   Level  Hunger
 Foxfire                  Conj/Fire      ####         1%          1    None
 Swiftness                Chrm/Air       ####....     1%          2    None
 Static Discharge         Conj/Air       ######..     1%          3    None
 Conjure Flame            Conj/Fire      ####....     3%          3    None
 Apportation              Tloc           #.....       8%          1    None
 Corona                   Hex            #......      8%          1    None
 Summon Butterflies       Summ           #.......     8%          1    None
 Slow                     Hex            #.......     11%         2    None
 Sticky Flame             Conj/Fire      ####....     11%         4    None
 Conjure Ball Lightning   Conj/Air       ######....   21%         6    None
 Ignite Poison            Fire/Tmut/Pois #.......     22%         3    None
 Inner Flame              Hex/Fire       #.......     22%         3    None
 Lesser Beckoning         Tloc           #.........   22%         3    None
 Portal Projectile        Hex/Tloc       #.....       22%         3    None
 Tukima's Dance           Hex            #.......     22%         3    None
 Silence                  Hex/Air        ####......   26%         5    None
 Fireball                 Conj/Fire      ####......   28%         5    None
 Cause Fear               Hex            #.........   58%         4    None
 Leda's Liquefaction      Hex/Erth       #.........   58%         4    None
 Deflect Missiles         Chrm/Air       ####......   82%         6    None
 Starburst                Conj/Fire      ####......   85%         6    None
 Alistair's Intoxication  Tmut/Pois      #.......     90%         5    None
 Invisibility             Hex            #.......     100%        6    None
 Ring of Flames           Chrm/Fire      #.........   100%        7    None
 Ignition                 Fire           #.........   100%        8    None
 Tornado                  Air            ######....   100%        9    None


Dungeon Overview and Level Annotations

Branches:
Dungeon (10/15)            Temple (1/1) D:7            Lair (1/6) D:9
    Orc: D:9-12

Altars:
Ashenzari
Cheibriados
Dithmenos
Elyvilon
Fedhas
Gozag
Hepliaklqana
Kikubaaqudgha
Makhleb
Nemelex Xobeh
Okawaru
Qazlal
Ru
Sif Muna
Trog
Uskayaw
Vehumet
Wu Jian
Xom
Yredelemnul
Zin
The Shining One

Annotations:
D:3 Sigmund
D:8 exclusions: door and downstairs


Innate Abilities, Weirdness & Mutations

You can breathe wild blasts of lightning.
Your glossy black scales are hard. (AC +8)
You cannot fit into any form of body armour.
You are resistant to electric shocks. (rElec)
You are cold-blooded and may be slowed by cold attacks.


Message History

You climb upwards.
Welcome back to the Dungeon!
You feel very sick.
There is a staircase to the Lair, spattered with blood here.
You are feeling hungry.
You feel sick. The black mamba bites you!
* * * LOW HITPOINT WARNING * * *
Aim: a black mamba The air twists around and strikes the black mamba!
You feel sick. The black mamba closely misses you. The black mamba bites you!
* * * LOW HITPOINT WARNING * * *
You are lethally poisoned!
The black mamba poisons you!
You don't have enough magic to cast that spell.
Aim: a black mamba (moderately wounded, chance to defeat MR: 46%)
The black mamba resists with some effort.
* * * LOW HITPOINT WARNING * * *
You feel sick. The black mamba misses you.
The black mamba bites you but does no damage.
You feel better. The black mamba bites you!
* * * LOW HITPOINT WARNING * * *
The black mamba bites you!
* * * LOW HITPOINT WARNING * * *
Aim: a black mamba (moderately wounded)
Okay, then.
Okay, then.
Okay, then.
You feel better.
The black mamba bites you but does no damage.
The black mamba closely misses you.
Aim: a black mamba (moderately wounded)
The air twists around and strikes the black mamba!
The black mamba bites you!
* * * LOW HITPOINT WARNING * * *
Okay, then.
Okay, then.
Aim: a black mamba (heavily wounded, chance to defeat MR: 46%)
The black mamba resists with some effort.
The black mamba bites you!
* * * LOW HITPOINT WARNING * * *
You are lethally poisoned!
The black mamba poisons you! The black mamba completely misses you.
It was a potion of resistance.
You feel protected.
You feel less invigorated.
* * * LOW HITPOINT WARNING * * *
You feel sick. The black mamba barely misses you. The black mamba misses you.
It was a potion of haste.
You feel yourself speed up.
* * * LOW HITPOINT WARNING * * *
You feel sick. The black mamba bites you!
You die...

#...####.# ##........#
#>...####.## #....# #..#
#....# ##.# #### #....# #.#
#... #.#### #.## #...
..##### #..# #### #...
......#####.# #S@# #..)
#.###(.#....###.## #...
#.#.##.(..#..##.###########
####
#.#..##..((รท.^............#
#
#.#...########)##########.#
# #.#....##.#.##....# #.# #
...#####.#.#.#....# #.# #
.#.......#.#.#....# #.# #
...#####.#.#.#....# #(# #


You could see a black mamba.

Vanquished Creatures
  3 two-headed ogres (D:9)
  Erica (D:8)
  An ugly thing (D:8)
  Joseph (D:8)
  Maurice (D:8)
  A gargoyle (D:10)
  A spiny frog (Lair:1)
  A komodo dragon (D:9)
  A kobold demonologist (D:9)
  Grinder (D:4)
  A troll (D:10)
  4 blink frogs
  4 hippogriffs
  2 vampires
  A wraith (D:10)
  20 yaks
  A hungry ghost (D:9)
  A wyvern (D:9)
  Grum (D:8)
  Edmund (D:4)
  Duvessa (D:6)
  A water moccasin (D:5)
  A porcupine (Lair:1)
  An orc warrior (D:10)
  2 black bears
  2 ice beasts
  An eye of draining (D:9)
  3 sky beasts (D:9)
  2 ogres
  3 necrophages
  7 phantoms
  3 wolves (D:8)
  6 centaurs
  2 big kobolds
  2 bullfrogs (D:8)
  Dowan (D:6)
  A scorpion (D:7)
  3 killer bees (D:8)
  4 howler monkeys
  2 centaur zombies
  4 crimson imps
  A bullfrog zombie (D:8)
  3 bullfrog skeletons
  2 jellies
  4 hounds
  7 orc wizards
  2 quasits
  A gnoll shaman (D:8)
  8 orc priests
  3 centaur skeletons
  7 iguanas
  Natasha (thrice) (D:4)
  9 worker ants
  A worker ant zombie (D:9)
  3 gnolls (D:8)
  15 adders
  4 shadow imps
  An adder zombie (D:9)
  2 adder skeletons
  6 worms
  2 dart slugs
  3 leopard geckos
  34 orcs
  9 bats
  12 giant cockroaches
  9 goblins
  8 hobgoblins
  8 jackals
  3 quokkas
  A ball python (D:3)
  5 frilled lizards
  8 kobolds
  A leopard gecko skeleton (D:5)
  2 leopard gecko zombies
  6 rats
293 creatures vanquished.

Vanquished Creatures (collateral kills)
  A blink frog (Lair:1)
  A hippogriff (D:9)
  5 yaks (Lair:1)
7 creatures vanquished.

Vanquished Creatures (others)
  A scorpion (D:7)
1 creature vanquished.

Grand Total: 301 creatures vanquished

Notes
Turn   | Place    | Note
-------+----------+-------------------------------------------
     0 | D:1      | D1HalberdGnoll the Draconian Air Elementalist began the
                  | quest for the Orb.
     0 | D:1      | Reached XP level 1. HP: 14/14 MP: 3/3
   169 | D:1      | Reached XP level 2. HP: 11/22 MP: 0/5
   668 | D:1      | Reached skill level 1 in Fighting
   881 | D:1      | You fall into a shaft and drop 1 floor!
   897 | D:2      | Reached XP level 3. HP: 28/28 MP: 3/6
  1689 | D:2      | Reached XP level 4. HP: 35/35 MP: 1/7
  1834 | D:2      | Learned a level 4 spell: Airstrike
  1852 | D:2      | Found a sparkling altar of Nemelex Xobeh.
  1852 | D:2      | Found a hazy altar of Hepliaklqana.
  1853 | D:2      | Found an ornate altar of the Wu Jian Council.
  2642 | D:3      | Noticed Sigmund
  3569 | D:4      | Reached XP level 5. HP: 33/41 MP: 0/9
  3714 | D:4      | Noticed Grinder
  3732 | D:4      | Noticed Edmund
  3792 | D:4      | Killed Edmund
  3792 | D:4      | Reached skill level 5 in Air Magic
  3792 | D:4      | Reached XP level 6. HP: 6/50 MP: 5/10
  4138 | D:4      | Noticed Natasha
  4148 | D:4      | Killed Natasha
  4419 | D:4      | Paralysed by Grinder for 2 turns
  4439 | D:4      | Paralysed by Grinder for 6 turns
  4457 | D:4      | Killed Grinder
  4457 | D:4      | Your scales start taking on a glossy black colour.
  4457 | D:4      | Reached XP level 7. HP: 18/57 MP: 0/12
  4457 | D:4      | Gained mutation: You are resistant to electric shocks.
                  | (rElec) [Black Draconian growth]
  4672 | D:4      | Learned a level 5 spell: Lightning Bolt
  5101 | D:4      | Noticed Natasha
  5106 | D:4      | Killed Natasha
  5606 | D:4      | Noticed Natasha
  5608 | D:4      | Killed Natasha
  6302 | D:5      | Entered Level 5 of the Dungeon
  6560 | D:5      | Reached XP level 8. HP: 57/66 MP: 4/14
  7246 | D:5      | Found a blossoming altar of Fedhas.
  7698 | D:6      | Reached skill level 5 in Fighting
  7712 | D:6      | Noticed Duvessa
  7874 | D:6      | Killed Duvessa
  7963 | D:6      | Noticed Dowan
  7966 | D:6      | Killed Dowan
  7966 | D:6      | Reached skill level 5 in Spellcasting
  8197 | D:5      | Reached skill level 5 in Conjurations
  8483 | D:6      | Reached XP level 9. HP: 63/74 MP: 13/16
  8839 | D:7      | Found a staircase to the Ecumenical Temple.
  8850 | Temple   | Entered the Ecumenical Temple
  8967 | Temple   | Became a worshipper of Sif Muna the Loreminder
  9042 | D:7      | Found a sacrificial altar of Ru.
  9135 | D:7      | Reached skill level 10 in Air Magic
  9135 | D:7      | Reached skill level 1 in Invocations
  9421 | D:7      | Found a basalt altar of Yredelemnul.
  9738 | D:8      | Noticed Maurice
  9742 | D:8      | Killed Maurice
  9807 | D:8      | Reached * piety under Sif Muna
 10107 | D:8      | Noticed Grum
 10145 | D:8      | Killed Grum
 10392 | D:8      | Found a bloodstained altar of Trog.
 10475 | D:8      | Noticed Erica
 10480 | D:8      | Killed Erica
 10480 | D:8      | Reached XP level 10. HP: 86/86 MP: 0/19
 10911 | D:8      | Noticed Joseph
 10928 | D:8      | Killed Joseph
 10928 | D:8      | Reached skill level 5 in Invocations
 11111 | D:8      | Found a shadowy altar of Dithmenos.
 11448 | D:9      | Found a radiant altar of Vehumet.
 11586 | D:9      | Noticed a two-headed ogre
 11736 | D:9      | Killed a two-headed ogre
 12016 | D:9      | Noticed a two-headed ogre
 12017 | D:9      | Reached ** piety under Sif Muna
 12024 | D:9      | Killed a two-headed ogre
 12441 | D:9      | Reached XP level 11. HP: 46/95 MP: 0/22
 12472 | D:9      | Identified the ring "Deukheaski" {rPois Str+2 Int-5 SInv}
 12715 | D:9      | Noticed a two-headed ogre
 12888 | D:9      | Noticed a green ugly thing
 12959 | D:8      | Killed a cyan ugly thing
 13250 | D:9      | Found a staircase to the Lair.
 13339 | D:9      | Killed a two-headed ogre
 13643 | D:9      | Learned a level 4 spell: Summon Lightning Spire
 13890 | D:9      | Found a glowing golden altar of the Shining One.
 13928 | D:10     | Entered Level 10 of the Dungeon
 15564 | Lair:1   | Entered Level 1 of the Lair of Beasts
 15870 | D:9      | Reached *** piety under Sif Muna
 16174 | Lair:1   | Reached XP level 12. HP: 100/106 MP: 7/24
 16274 | Lair:1   | Reached skill level 10 in Fighting
 16899 | D:9      | HP: 3/106 [black mamba (3)]
 16900 | D:9      | HP: 1/106 [poisoned by a black mamba]
 16901 | D:9      | Slain by a black mamba

Levels and vault maps discovered:
D:1:      erik_arrival_blinker_ship, layout_basic, st_stairs_6,
          kennysheep_pointless_box
D:2:      layout_rooms, gammafunk_temple_overflow_forgotten, first_ration
D:3:      layout_basic, uniq_sigmund
D:4:      layout_layer_cave, hex_tiny, uniq_natasha, uniq_edmund, uniq_grinder
D:5:      layout_rooms, basic_altar
D:6:      layout_cave_pools, uniq_duvessa
D:7:      layout_gridville, lemuel_doored_altar, lemuel_round_altar,
          temple_statues
D:8:      layout_loops_ring, grunt_dithmenos_smoke_and_mirrors,
          nicolae_overflow_crystal_walls, blue_anna_alchemist
          [blue_anna_fruit_fields, blue_anna_fruit_fields], minmay_bent,
          uniq_joseph, uniq_grum, uniq_maurice, uniq_erica
D:9:      minmay_the_grid_octo_tiled_squarecenter [minmay_the_grid_octo_clover,
          minmay_the_grid_octo_clover_2, minmay_the_grid_octo_thin_diamonds,
          minmay_the_grid_octo_horde, minmay_the_grid_square_5x5_megaprize_open,
          minmay_the_grid_square_5x5_one_wall,
          minmay_the_grid_square_5x5_eight_small, minmay_the_grid_square_5x5_n,
          minmay_the_grid_square_5x5_misaligned], layout_rooms,
          lemuel_round_altar, vehumet_altar_wand_db, lair_entry_dummy,
          st_stairs_7
D:10:     lemuel_ice_spiral_2, layout_basic, minivault_22,
          kennysheep_generic_room_10
Temple:   dshaligram_water_room_temple
Lair:1:   beast_lair_carwin_large_3, layout_cave_shapes, gauntlet_entry_generic

Skill      XL: |  1  2  3  4  5  6  7  8  9 10 11 12 |
---------------+-------------------------------------+-----
Fighting       | 1 2 3 4 5 7 8 9 10 | 10.1
Air Magic      | 4 5 7 9 10 | 10.0
Conjurations   | 2 3 4 5 6 8 9 |  9.4
Spellcasting   | 3 4 5 6 7 8 |  8.9
Invocations    | 4 6 8 |  8.4
Dodging        | 2 4 |  4.8
Stealth        | |  1.7

Action                   |  1- 3 |  4- 6 |  7- 9 | 10-12 || total
-------------------------+-------+-------+-------+-------++-------
Melee: Dagger            |    78 |   101 |       |       ||   179
       Tailslap          |     9 |     9 |    23 |    14 ||    55
       Short sword       |       |       |   228 |   108 ||   336
       Staff             |       |       |       |    18 ||    18
Throw: Dart              |       |       |     2 |     2 ||     4
 Cast: Shock             |    70 |   123 |    97 |   239 ||   529
       Airstrike         |       |     2 |    49 |    87 ||   138
       Lightning Bolt    |       |       |     2 |    40 ||    42
       Summon Lightning  |       |       |       |     7 ||     7
Invok: Channel Magic     |       |       |     1 |    12 ||    13
 Abil: Breathe Lightning |       |       |    21 |    13 ||    34
Evoke: Wand              |       |       |     3 |    17 ||    20
  Use: Scroll            |       |     9 |     4 |     4 ||    17
       Potion            |       |     5 |     1 |     8 ||    14
 Stab: Sleeping          |     2 |       |       |       ||     2
       Paralysed         |       |       |    16 |    32 ||    48
  Eat: Chunk             |     1 |     9 |    21 |    19 ||    50
       Ration            |     1 |       |     3 |     6 ||    10
Armor: Skin              |    34 |    64 |    84 |    93 ||   275
Dodge: Dodged            |    69 |    76 |   233 |   204 ||   582

Table legend:
 A = Non-vault XP
 B = Vault XP
 C = Vault XP percentage of total XP
 D = Non-vault monster count
 E = Vault monster count
 F = Vault count percentage of total count
                 A         B        C        D         E       F
            +---------+---------+-------+---------+---------+-------
      Total |   14367 |    9803 |  40.6 |     245 |      56 |  18.6
            +---------+---------+-------+---------+---------+-------
        D:1 |      46 |       3 |   6.1 |      27 |       2 |   6.9
        D:2 |      69 |       0 |   0.0 |      21 |       0 |   0.0
        D:3 |      63 |       0 |   0.0 |      18 |       0 |   0.0
        D:4 |     709 |     494 |  41.1 |      32 |       3 |   8.6
        D:5 |     737 |       0 |   0.0 |      15 |       0 |   0.0
        D:6 |     596 |     228 |  27.7 |      18 |       2 |  10.0
        D:7 |     984 |       0 |   0.0 |      18 |       0 |   0.0
        D:8 |     914 |    3174 |  77.6 |      18 |      14 |  43.8
        D:9 |    2942 |    5904 |  66.7 |      28 |      35 |  55.6
       D:10 |    4611 |       0 |   0.0 |      36 |       0 |   0.0
     Lair:1 |    2696 |       0 |   0.0 |      14 |       0 |   0.0
            +---------+---------+-------+---------+---------+-------
